 Dungeon Crawl Stone Soup version 0.29-a0-321-gf1c400731a (webtiles) character file.

Game seed: 1800700460390650456

126 Gibbon the Magician (level 5, -2/39 HPs)
             Began as a Djinni Hedge Wizard on Apr 3, 2022.
             Was an Initiate of Elyvilon.
             Slain by a goblin
             ... wielding a +0 dagger
              (3 damage)
             ... on level 3 of the Dungeon.
             The game lasted 00:22:41 (4306 turns).

Gibbon the Magician (Djinni Hedge Wizard)           Turns: 4306, Time: 00:22:41

Health: -2/39      AC:  4    Str:  9    XL:     5   Next: 31%
Gold:   93         EV: 12    Int: 17    God:    Elyvilon [......] SH:  0 Dex: 13

rFire   + + .      SeeInvis .   a - +0 dagger
rCold   x . .      Faith    .   (no shield)
rNeg    . . .      Spirit   .   f - +0 leather armour
rPois   ∞          Reflect  .   n - +0 helmet
rElec   .          Harm     .   (no cloak)
rCorr   .          Rampage  .   (no gloves)
Will    .....                   (boots unavailable)
Stlth   ++........              (no amulet)
HPRegen 0.13/turn               j - ring of wizardry
MPRegen 0.00/turn               (no ring)

@: flying
A: sickness immunity, fire resistance 2, cold vulnerability 1, float, innate
caster, HP casting, extra vitality 1
a: Renounce Religion


You were on level 3 of the Dungeon.
You worshipped Elyvilon.
Elyvilon was noncommittal.
You visited 1 branch of the dungeon, and saw 3 of its levels.

You collected 93 gold pieces.

Inventory:

Hand Weapons
 a - a +0 dagger (weapon)
Missiles
 d - 52 stones (quivered)
 i - a poisoned dart
Armour
 f - a +0 leather armour (worn)
 n - a +0 helmet (worn)
Jewellery
 j - a ring of wizardry (left hand)
Scrolls
 b - a scroll of brand weapon
 e - a scroll of fear {unknown}
 h - a scroll of noise {unknown}
 k - 3 scrolls of teleportation
 l - a scroll of vulnerability {unknown}
 o - a scroll of enchant weapon {unknown}
 s - a scroll of holy word {unknown}
Potions
 c - a potion of curing {unknown}
 g - a potion of attraction
 m - a potion of brilliance
 p - a potion of lignification
 q - a potion of flight {unknown}
 r - a potion of heal wounds {unknown}


   Skills:
 + Level 2.7 Fighting
 - Level 1.0 Armour
 + Level 2.8 Dodging
 - Level 1.5 Stealth
 + Level 3.3 Spellcasting


You couldn't memorise any spells.
You knew the following spells:

 Your Spells              Type           Power      Damage    Failure   Level
a - Magic Dart            Conj           56%        1d5       2%          1
b - Blink                 Tloc           28%        N/A       3%          2
c - Call Imp              Summ           14%        N/A       3%          2
d - Slow                  Hex            56%        N/A       2%          1
e - Conjure Flame         Conj/Fire      14%        6-21      7%          3
f - Mephitic Cloud        Conj/Pois/Air  14%        N/A       7%          3
g - Apportation           Tloc           28%        N/A       2%          1
h - Corpse Rot            Necr/Air       28%        N/A       3%          2
Your spell library was empty.

Dungeon Overview and Level Annotations

Branches:
Dungeon (3/15)

Altars:
Cheibriados
Elyvilon
Gozag
Hepliaklqana
Nemelex Xobeh
Sif Muna
Uskayaw
Wu Jian
Xom
Yredelemnul


Innate Abilities, Weirdness & Mutations

You are immune to sickness and miasma.
You are immune to poison.
Your flesh is very heat resistant. (rF++)
You are vulnerable to cold. (rC-)
You float through the air rather than walking.
You learn spells naturally, not from books.
Your magical power is your life essence.
You have superior vitality. (+4 MHP)


Message History

Confirm with . or Enter, or press ? or * to list all spells.
Aiming: Magic Dart (safe; 2% risk of failure)
Press: ? - help, Shift-Dir - straight line
Casting: Magic Dart (safe; 2% risk of failure)
Confirm with . or Enter, or press ? or * to list all spells.
Aiming: Magic Dart (safe; 2% risk of failure)
Press: ? - help, Shift-Dir - straight line, f - goblin
Aim: a goblin, wielding a +0 dagger, wearing a +0 chain mail and carrying a wand of iceblast (10) (100% to hit)
The magic dart hits the goblin.
The goblin is moderately wounded.
Casting: Magic Dart (safe; 2% risk of failure)
Confirm with . or Enter, or press ? or * to list all spells.
Aiming: Magic Dart (safe; 2% risk of failure)
Press: ? - help, Shift-Dir - straight line, p - goblin You closely miss the goblin.
The goblin is moderately wounded.
The goblin hits you with a +0 dagger.
You hit the goblin but do no damage.
The goblin is moderately wounded.
The goblin hits you with a +0 dagger.
You hit the goblin.
The goblin is severely wounded.
The goblin hits you but does no damage.
You hit the goblin but do no damage.
The goblin is severely wounded.
The goblin barely misses you.
You hit the goblin but do no damage.
The goblin is severely wounded.
The goblin hits you but does no damage.
You hit the goblin but do no damage.
The goblin is severely wounded.
The goblin zaps a wand.
The mass of ice explodes!
The iceblast engulfs you!!
You feel a painful chill!
Ouch! That really hurt!
* * * LOW HITPOINT WARNING * * *
The iceblast engulfs the goblin but does no damage.
You hit the goblin but do no damage.
The goblin is severely wounded.
The goblin hits you with a +0 dagger.
You die...

...# #...........## ...#
#........##..# ...#
#........###.#
.#######........# #.#
##.....##.......# #.#
#.......#.......# #.#
#.......#.......# #.##
#.......#.......###..##.##
##.....###...###@g.........
.###'### #...# #.###.##.###
..#...# #.......# ..# #
..#.÷.# #.......# #.#
..##'#####.......# ..
...))....'........ #..
..########........ ..#
..### ........ ....# #+#


You could see a goblin.

Vanquished Creatures
  3 gnolls (D:3)
  2 adders
  2 worms
  A dart slug (D:2)
  5 ball pythons
  2 endoplasms
  4 giant cockroaches
  6 goblins
  9 hobgoblins
  4 jackals (D:1)
  6 kobolds
  2 quokkas (D:3)
  5 bats
  A frilled lizard (D:1)
  A rat (D:1)
53 creatures vanquished.

Vanquished Creatures (collateral kills)
  A worm (D:3)
  A dart slug (D:3)
  An endoplasm (D:1)
  5 jackals
8 creatures vanquished.

Grand Total: 61 creatures vanquished

Notes
Turn   | Place    | Note
-------+----------+-------------------------------------------
     0 | D:1      | Gibbon the Djinni Hedge Wizard began the quest for the Orb.
     0 | D:1      | Reached XP level 1. HP: 15/15 MP: 0/0
   319 | D:1      | Found a faded altar of an unknown god.
   590 | D:1      | Reached XP level 2. HP: 21/22 MP: 0/0
   604 | D:1      | Reached skill level 1 in Fighting
   973 | D:1      | Reached XP level 3. HP: 16/27 MP: 0/0
   973 | D:1      | Learned a level 1 spell: Apportation
  1988 | D:2      | Reached skill level 3 in Spellcasting
  2061 | D:2      | Reached XP level 4. HP: 16/33 MP: 0/0
  2213 | D:2      | Found a shimmering altar of Xom.
  3158 | D:3      | Found an ornate altar of the Wu Jian Council.
  3178 | D:3      | Reached XP level 5. HP: 30/39 MP: 0/0
  3178 | D:3      | Learned a level 2 spell: Corpse Rot
  3186 | D:3      | Reached skill level 1 in Armour
  3556 | D:3      | Found a snail-covered altar of Cheibriados.
  3558 | D:3      | Found an opulent altar of Gozag.
  3559 | D:3      | Found a sparkling altar of Nemelex Xobeh.
  3560 | D:3      | Found a basalt altar of Yredelemnul.
  3562 | D:3      | Found a hide-covered altar of Uskayaw.
  3564 | D:3      | Found a white marble altar of Elyvilon.
  3565 | D:3      | Found a hazy altar of Hepliaklqana.
  3584 | D:3      | Became a worshipper of Elyvilon the Healer
  4305 | D:3      | HP: 1/39 [goblin/iceblast (25)]
  4306 | D:3      | Slain by a goblin

Illustrated notes

Levels and vault maps discovered:
D:1:      lemuel_arrival_cross, layout_basic,
          hellmonk_ecumenical_altar_dog_temple
D:2:      layout_basic, basic_altar, minmay_misc_feat_square
D:3:      layout_basic, minitemple, grunt_decor_resistance,
          minmay_goblin_kobold_house

Skill      XL: |  1  2  3  4  5 |
---------------+----------------+-----
Fighting       | 1 2 |  2.7
Spellcasting   | 3 |  3.3
Armour         | 1 |  1.0
Dodging        | |  2.8
Stealth        | |  1.5

Action                   |  1- 3 |  4- 6 || total
-------------------------+-------+-------++-------
Melee: Dagger            |    69 |    70 ||   139
       Punch             |     1 |       ||     1
Throw: Dart              |     3 |     6 ||     9
       Stone             |       |     6 ||     6
 Cast: Magic Dart        |    46 |    40 ||    86
       Call Imp          |     2 |     2 ||     4
       Slow              |     2 |       ||     2
       Blink             |     1 |       ||     1
       Mephitic Cloud    |     1 |     2 ||     3
       Conjure Flame     |       |     1 ||     1
Evoke: Wand              |       |     6 ||     6
  Use: Scroll            |       |     4 ||     4
       Potion            |       |     1 ||     1
 Stab: Confused          |     1 |       ||     1
Armor: Leather armour    |    25 |    19 ||    44
Dodge: Dodged            |    48 |    39 ||    87

Table legend: (Time is in decaauts)
 A = Elapsed time spent in this place.
 B = Non-inter-level travel time spent in this place.
 C = Inter-level travel time spent in this place.
 D = Time resting spent in this place.
 E = Time spent auto-exploring this place.
 F = Levels seen in this place.
 G = Mean time per level.
                   A        B        C        D        E       F      G
               +--------+--------+--------+--------+--------+-----+--------+
         Total |   4304 |   4304 |      0 |   1983 |      0 |   3 | 1434.7 |
       Dungeon |   4304 |   4304 |      0 |   1983 |      0 |   3 | 1434.7 |
               +--------+--------+--------+--------+--------+-----+--------+

Top non-repeatable levels by time:
     D:3: 1526 daAuts
     D:1: 1494 daAuts
     D:2: 1283 daAuts
